 BcadrenCrawl: Boulder Brew version 0.04 (webtiles) character file.

Game seed: 82720523544856568, levelgen mode: deterministic

1058 Chiseanne the Nimble (level 8, -15/61 HPs) Goblin Demonspawn. Began on Mar 21, 2021. Demolished by an orc warrior ... wielding a +0 long sword (17 damage) ... on level 4 of the Dungeon. The game lasted 00:06:28 (1957 turns).

Chiseanne the Nimble (Goblin Demonspawn)            Turns: 1957, Time: 00:06:29

Health: -15/61     AC:  7    Str:  8    XL:     8 ^: 467
Magic:  8/8        EV: 16    Int:  6    God:
Gold:   212        SH:  0    Dex:  6    Spells: 8/9 levels left

rFire    . . .     Vision   .   a - +0 long sword
rCold    . . .     Gourm    .   i - +0 hatchet
rNeg     . . .     Faith    .   b - +0 leather armour
rPois    .         Spirit   .   (no helmet)
rElec    +         Reflect  .   c - +2 cloak
rCorr    .         Harm     .   n - +0 pair of gloves
MR       .....                  (no boots)
Stlth    +++.......             k - amulet of chaos
HPRegen  0.30/turn              h - ring of stealth (curse) {(Curse: MR-)}
MPRegen  0.18/turn              o - ring of stealth

@: no status effects
A: small, stagnant stats, goblin's greed, claws 2, demonic guardian 1, low mp 1,
mutation resistance 1, spiny 1, god's pity 2
a: no special abilities


You were on level 4 of the Dungeon.
You were not hungry.

You visited 1 branch of the dungeon, and saw 4 of its levels.

You collected 174 gold pieces.

Inventory:

Weapons
 a - a +0 long sword (weapon)
 i - a +0 hatchet (weapon)
 m - a +0 hand crossbow
 q - a +1 dagger of caustic ooze
Armour
 b - a +0 leather armour (worn)
 c - a +2 cloak (worn)
 n - a +0 pair of gloves (worn)
Jewellery
 h - a cursed ring of stealth (left hand) {(Curse: MR-)}
 k - an amulet of chaos (around neck)
 o - a ring of stealth (right hand)
Scrolls
 f - a scroll of fog
 j - 2 scrolls of fear
 l - a scroll of summoning
Potions
 e - 3 potions of brilliance
 g - a potion of curing
 p - a potion of might
Comestibles
 d - 3 rations
 r - 2 chunks of flesh


   Skills:
 * Level 8.0 Fighting
 - Level 2.6 Long Blades
 * Level 9.0 Dodging
 - Level 2.6 Stealth
 - Level 1.3 Spellcasting
 - Level 2.6 Fire Magic
   Level 4.0 Invocations


You had 8 spell levels left.
You knew the following spells:

 Your Spells              Type           Power        Failure   Level  Hunger
a - Lick                  Fire           3 (30)       17%         1    ##.....

Your spell library contained the following spells:

 Spells                   Type           Power        Failure   Level  Hunger
 Random Cloud             Fire           3 (100)      45%         3    ####...
 Blink                    Tloc           N/A          61%         2    ###....
 Call Imp                 Summ           0 (100)      61%         2    ###....
 Slow                     Hex            0 (100)      61%         2    ###....
 Chaotic Cloudburst       Pois/Air       0 (100)      83%         3    ####...


Dungeon Overview and Level Annotations

Branches:
Dungeon (4/8)
 Temple: D:4

Altars:
Nemelex Xobeh

Shops:
D:2 ?


Innate Abilities, Weirdness & Mutations

Your stats never grow through leveling.
Your goblin ancestry allows you to find more gold. (+20%)
You are small and have problems with some larger weapons.
You have very sharp fingernails. (+4 Unarmed)
A weak demonic guardian rushes to your aid.
Your magical capacity is low. (-10% MP)
You are somewhat resistant to further mutation.
You are partially covered in sharp spines.
The pity of the gods increases the power of your passive and invoked divine abilities.


Message History

The orc warrior hits you with a +0 long sword (15)!
* * * LOW HITPOINT WARNING * * *
The orc wizard barely misses you (0).
You hit the orc warrior but do no damage.
You hit the orc warrior (3). You hit the orc wizard (5). You hit the orc (4).
Your ufetubus hits the orc wizard but does no damage.
Your ufetubus barely misses the orc wizard (0).
The orc wizard is struck by your spines (3).
The orc wizard hits you but does no damage.
Your ufetubus barely misses the orc wizard (0).
Your ufetubus closely misses the orc wizard (0).
The orc wizard is struck by your spines (6).
You kill the orc wizard!
The orc is struck by your spines (6).
You kill the orc!
Your Dodging skill increases to level 9!
The orc warrior hits you with a +0 long sword (12)!
* * * LOW HITPOINT WARNING * * *
The orc warrior hits you with a +0 long sword (17)!
You die...

.o......#
........#
.....>..#
#.......# #.# #.#
#.# ####o# #..o@#
#..5.# #....# ####
##....#
#..####.....#
#...........#
#...........#
######...........#
.................#


You could see an orc warrior, an orc and a friendly ufetubus.

Vanquished Creatures
  3 big kobolds (D:2)
  2 bullfrogs
  2 jellies (D:2)
  An orc wizard (D:4)
  10 giant cockroaches
  A bullfrog zombie (D:4)
  34 sewer rats (D:2)
  12 cinder newts
  4 worms (D:2)
  4 oozes (D:2)
  5 leopard geckos
  An orc (D:4)
  6 bats
  5 goblins (D:1)
  3 hobgoblins (D:1)
  2 ball pythons (D:2)
  A bat skeleton (D:2)
  A hobgoblin skeleton (D:2)
  13 kobolds
  An orc skeleton (D:2)
  2 rats (D:1)
  A rat skeleton (D:2)
  7 withered plants (D:2)
121 creatures vanquished.

Vanquished Creatures (collateral kills)
  A sewer rat (D:2)
  A kobold (D:2)
2 creatures vanquished.

Vanquished Creatures (others)
  A leopard gecko (D:2)
  A slimehead (D:2)
  87 withered plants (D:2)
89 creatures vanquished.

Grand Total: 212 creatures vanquished

Notes
Turn   | Place    | Note
-------+----------+-------------------------------------------
     0 | D:1      | Chiseanne the Goblin Demonspawn began the quest for the
                  | Orb.
     0 | D:1      | Reached XP level 1. HP: 13/13 MP: 2/2
    29 | D:1      | Gained mutation: You are partially covered in sharp spines.
                  | [demonic ancestry]
    29 | D:1      | Reached XP level 2. HP: 19/19 MP: 3/3
    92 | D:1      | Reached XP level 3. HP: 25/25 MP: 4/4
   156 | D:1      | Reached skill level 5 in Dodging
   156 | D:1      | Reached XP level 4. HP: 31/31 MP: 5/5
   209 | D:1      | Gained mutation: You have sharp fingernails. (+2 Unarmed)
                  | [demonic ancestry]
   209 | D:1      | Reached XP level 5. HP: 37/37 MP: 6/6
   220 | D:1      | Found a sparkling altar of Nemelex Xobeh.
   485 | D:2      | Reached skill level 6 in Dodging
   485 | D:2      | Reached XP level 6. HP: 25/45 MP: 7/7
   485 | D:2      | Reached skill level 5 in Fighting
   626 | D:2      | Gained mutation: A weak demonic guardian rushes to your
                  | aid. [demonic ancestry]
   626 | D:2      | Reached XP level 7. HP: 51/51 MP: 8/8
   657 | D:2      | Reached skill level 7 in Dodging
  1071 | D:2      | Reached skill level 8 in Dodging
  1073 | D:2      | Gained mutation: You have very sharp fingernails. (+4
                  | Unarmed) [demonic ancestry]
  1073 | D:2      | Reached XP level 8. HP: 50/60 MP: 8/8
  1204 | D:2      | Found Nesij's Magic Scroll Shoppe.
  1957 | D:4      | Reached skill level 9 in Dodging
  1957 | D:4      | HP: 2/61 [orc warrior/+0 long sword (12)]
  1957 | D:4      | Demolished by an orc warrior

Levels and vault maps discovered:
D:1:      scummos_arrival_star, layout_rooms, chequers_serial_rivers_micro_b,
          ebering_dispersal_statue_hall, nemelex_altar_shiori
D:2:      layout_sewer, serial_shops, nicolae_shop_crystal
D:3:      layout_loops_corners, yredelemnul_altar_generic, first_ration,
          serial_shops, nicolae_shop_overgrown_old_shop,
          nicolae_ossuary_entry_catacombs, uniq_ijyb, uniq_menkaure,
          uniq_crazy_yiuf_cottage
D:4:      layout_stronghold, gammafunk_temple_overflow_elements,
          minmay_temple_entry_sparse_star, grunt_ogre_cave, xom_redecorated

Skill      XL: |  1  2  3  4  5  6  7  8 |
---------------+-------------------------+-----
Fighting       | 2 3 4 5 7 8 |  8.0
Dodging        | 5 6 8 9 |  9.0
Long Blades    | |  2.6
Stealth        | |  2.6
Spellcasting   | |  1.3
Fire Magic     | |  2.6
Invocations    | |  4.0

Action                   |  1- 3 |  4- 6 |  7- 9 || total
-------------------------+-------+-------+-------++-------
Melee: Long sword        |    36 |    42 |    79 ||   157
       Unarmed           |    23 |       |       ||    23
       Mace              |     5 |       |       ||     5
       Hatchet           |     3 |    27 |    53 ||    83
  Use: Potion            |       |       |     1 ||     1
 Stab: Sleeping          |       |     1 |     4 ||     5
  Eat: Chunk             |       |       |     5 ||     5
Armor: Leather armour    |    10 |    15 |    35 ||    60
Dodge: Dodged            |    43 |    72 |   167 ||   282
       Rpst.: Long sword |    16 |    27 |    44 ||    87
